 Dungeon Crawl Stone Soup version 0.30-a0-12-gd8047c6341 (webtiles) character file.

Game seed: 8578000683912496936

996 Klosterheim the Cudgeller (level 7, 0/55 HPs)
             Began as a Demonspawn Gladiator on Aug 23, 2022.
             Was an Initiate of Yredelemnul.
             Slain by an orc warrior
             ... wielding a +0 glaive
              (7 damage)
             ... on level 6 of the Dungeon.
             The game lasted 00:16:38 (6199 turns).

Klosterheim the Cudgeller (Demonspawn Gladiator)    Turns: 6199, Time: 00:16:45

Health: 0/55       AC: 14    Str: 16    XL:     7   Next: 99%
Magic:  7/7        EV:  7    Int: 10    God:    Yredelemnul [......]
Gold:   293        SH:  6    Dex: 14    Spells: 6/6 levels left

rFire   . . .      SeeInvis .    r - +2 mace (vorpal)
rCold   . . .      Faith    .    m - +1 buckler
rNeg    . . .      Spirit   .    l - +0 chain mail
rPois   +          Reflect  .    (helmet restricted)
rElec   .          Harm     .    c - +1 cloak
rCorr   .          Rampage  .    (no gloves)
Will    .....                    (no boots)
Stlth   ..........               (no amulet)
HPRegen 0.18/turn                b - +4 ring of slaying
MPRegen 0.10/turn                p - ring of poison resistance

@: no status effects
A: horns 2, molten scales 2
a: Renounce Religion, Recall Undead Harvest


You were on level 6 of the Dungeon.
You worshipped Yredelemnul.
Yredelemnul was noncommittal.
You visited 2 branches of the dungeon, and saw 7 of its levels.

You collected 293 gold pieces.

Inventory:

Hand Weapons
 a - a +1 flail
 f - a +3 quarterstaff of chaos
 r - a +2 vorpal mace (weapon)
Missiles
 d - 3 throwing nets
 e - 7 javelins (quivered)
Armour
 c - a +1 cloak (worn)
 l - a +0 chain mail (worn)
 m - a +1 buckler (worn)
Magical Staves
 n - a staff of poison
Jewellery
 b - a +4 ring of slaying (left hand)
 p - a ring of poison resistance (right hand)
Wands
 s - a wand of polymorph (5)
 u - a wand of roots (9)
Scrolls
 i - 4 scrolls of teleportation
 j - 2 scrolls of identify
Potions
 g - a potion of haste
 h - 2 potions of attraction
 k - a potion of curing
 o - 4 potions of heal wounds
 q - 2 potions of brilliance
 t - a potion of degeneration {unknown}
 v - a potion of cancellation
 w - a potion of lignification {unknown}


   Skills:
 + Level 4.4 Fighting
 * Level 5.9 Maces & Flails
 - Level 2.0 Throwing
 + Level 3.4 Armour
 - Level 3.0 Dodging
 + Level 3.2 Shields


You had 6 spell levels left.
You didn't know any spells.
Your spell library contained the following spells:

 Spells                   Type           Power      Damage    Failure   Level
 Blink                    Tloc           0%         N/A       100%        2
 Lesser Beckoning         Tloc           0%         N/A       100%        3
 Ozocubu's Armour         Ice            0%         N/A       100%        3
 Stone Arrow              Conj/Erth      0%         3d7       100%        3
 Animate Armour           Summ/Erth      0%         N/A       100%        4
 Manifold Assault         Tloc           0%         N/A       100%        5
 Ozocubu's Refrigeration  Ice            0%         4d7       100%        7
 Lehudib's Crystal Spear  Conj/Erth      0%         10d2      100%        8


Dungeon Overview and Level Annotations

Branches:
Dungeon (6/15)             Temple (1/1) D:4

Altars:
Ashenzari
Cheibriados
Fedhas
Kikubaaqudgha
Makhleb
Qazlal
Uskayaw
Vehumet
Yredelemnul

Shops:
D:2 !


Innate Abilities, Weirdness & Mutations

You have a pair of horns on your head.
You are mostly covered in molten scales. (AC +3)


Message History

Done exploring.
There is a stone staircase leading down here.
You climb downwards.
Your mindless puppet stays behind to rot.
Found 17 gold pieces and a fizzy golden potion.
There is a stone staircase leading up here.
You now have 293 gold pieces (gained 17).
You see here a +0 chain mail.
An orc wizard comes into view. It is wielding a +0 dagger.
An orc priest comes into view. It is wielding a +0 club.
The orc priest shouts!
The orc wizard shouts!
You see here a +0 chain mail.
There is a stone staircase leading up here.
You climb upwards.
There is a stone staircase leading down here.
There is an escape hatch in the floor here.
There is a stone staircase leading down here.
You see here a +0 sling.
There is a stone staircase leading down here.
You climb downwards.
The orc warrior shouts!
The orc shouts!
The orc priest shouts!
There is a stone staircase leading up here.
A necrophage comes into view.
The orc priest mumbles some strange prayers to Beogh against you.
You struggle to resist.
An orc wizard comes into view. It is wielding a +0 dagger.
The orc priest calls down the wrath of Beogh upon you.
You struggle to resist.
The orc wizard shouts!
The orc priest calls down the wrath of Beogh upon you.
Pain shoots through your body! The orc hits you with a +0 hand axe.
The orc warrior hits you from afar with a +0 glaive!!
The orc hits you but does no damage.
The orc priest calls down the wrath of Beogh upon you.
Beogh smites you!
* * * LOW HITPOINT WARNING * * *
The orc warrior hits you from afar with a +0 glaive!
You die...
Your body rises from the dead as a mindless zombie.

....... #.
....... ..
....... ##.
....... #..
....on. ..
.....o.#.##
......oo..#
#...@#
#.####


You could see an orc warrior, a necrophage, an orc priest, an orc wizard and an
orc.

Vanquished Creatures
  Duvessa (D:5)
  3 ogres
  2 scorpions (D:4)
  Dowan (D:5)
  A hound (D:5)
  Crazy Yiuf (D:4)
  An orc priest (D:4)
  3 iguanas (D:5)
  Ijyb (D:3)
  An orc wizard (D:4)
  Terence (D:3)
  4 adders
  A white imp (D:5)
  An ufetubus (D:5)
  A worm (D:2)
  3 dart slugs
  12 orcs
  8 ball pythons
  7 bats
  4 endoplasms
  A giant cockroach (D:2)
  12 goblins
  6 hobgoblins
  2 jackals (D:1)
  7 kobolds
  5 quokkas
  10 frilled lizards
  5 rats
105 creatures vanquished.

Vanquished Creatures (collateral kills)
  A necrophage (D:5)
  Robin (D:4)
  A goblin (D:4)
3 creatures vanquished.

Vanquished Creatures (others)
  An ogre zombie (D:5)
  An elf zombie (D:5)
  2 goblin zombies (D:4)
  2 hobgoblin zombies (D:4)
6 creatures vanquished.

Grand Total: 114 creatures vanquished

Notes
Turn   | Place    | Note
-------+----------+-------------------------------------------
     0 | D:1      | Klosterheim the Demonspawn Gladiator began the quest for
                  | the Orb.
     0 | D:1      | Reached XP level 1. HP: 16/16 MP: 1/1
   245 | D:1      | Found a faded altar of an unknown god.
   327 | D:1      | Gained mutation: You are partially covered in molten
                  | scales. (AC +2) [demonic ancestry]
   327 | D:1      | Reached XP level 2. HP: 20/22 MP: 2/2
   509 | D:1      | Reached skill level 3 in Maces & Flails
   899 | D:1      | Gained mutation: You have a pair of small horns on your
                  | head. [demonic ancestry]
   899 | D:1      | Reached XP level 3. HP: 27/27 MP: 3/3
  1336 | D:2      | Reached skill level 1 in Armour
  1517 | D:2      | Found Ylaxall's Distillery.
  1972 | D:3      | Gained mutation: You have a pair of horns on your head.
                  | [demonic ancestry]
  1972 | D:3      | Reached XP level 4. HP: 3/34 MP: 4/4
  2328 | D:3      | Noticed Ijyb
  2881 | D:3      | Noticed Terence
  3083 | D:3      | Found a burning altar of Makhleb.
  3175 | D:3      | Killed Terence
  3176 | D:3      | Reached skill level 1 in Shields
  3288 | D:3      | Killed Ijyb
  3289 | D:3      | Reached XP level 5. HP: 41/41 MP: 5/5
  3745 | D:4      | Reached skill level 4 in Maces & Flails
  4060 | D:4      | Noticed an ogre
  4069 | D:4      | Killed an ogre
  4070 | D:4      | Reached XP level 6. HP: 47/47 MP: 6/6
  4124 | D:4      | Found a radiant altar of Vehumet.
  4219 | D:4      | Found a staircase to the Ecumenical Temple.
  4320 | D:4      | Found a runed translucent door.
  4321 | D:4      | Noticed Crazy Yiuf
  4474 | Temple   | Entered the Ecumenical Temple
  4799 | Temple   | Became a worshipper of Yredelemnul the Dark
  4989 | D:4      | Noticed Robin
  5001 | D:4      | Killed Robin
  5011 | D:4      | Reached * piety under Yredelemnul
  5206 | D:4      | Killed Crazy Yiuf
  5283 | D:5      | Entered Level 5 of the Dungeon
  5283 | D:5      | Noticed Duvessa
  5283 | D:5      | Noticed Dowan
  5352 | D:5      | Reached skill level 5 in Maces & Flails
  5352 | D:5      | Gained mutation: You are mostly covered in molten scales.
                  | (AC +3) [demonic ancestry]
  5352 | D:5      | Reached XP level 7. HP: 48/53 MP: 7/7
  5410 | D:5      | Killed Duvessa
  5423 | D:5      | Your ally Duvessa died
  5431 | D:5      | Killed Dowan
  5617 | D:5      | Found a broken altar of Ashenzari.
  6199 | D:6      | Slain by an orc warrior

Illustrated notes

Levels and vault maps discovered:
D:1:      scummos_arrival_hexagon, layout_loops_cross,
          chequers_ecumenical_altar_simple_redux, nrook_mini_backslash
D:2:      layout_rooms, serial_shops, shop, corner_web_ring
D:3:      layout_rooms, lemuel_tele_altar, kennysheep_generic_room_6, uniq_ijyb,
          uniq_terence
D:4:      layout_loops_corners, mainiacjoe_overflow_boulevard,
          minmay_temple_entry_proselytizer, uniq_crazy_yiuf_cottage, uniq_robin
D:5:      layout_rooms, evilmike_ruin_ashenzari, uniq_duvessa
D:6:      hellmonk_ruined_rings, layout_rooms, okawaru_trees_1,
          nicolae_overflow_hallway_of_the_gods
Temple:   nicolae_temple_ecumenical_triangle

Skill      XL: |  1  2  3  4  5  6  7 |
---------------+----------------------+-----
Maces & Flails | 3 4 5 |  5.9
Throwing       | 2 |  2.0
Armour         | 1 2 3 |  3.4
Dodging        | 3 |  3.0
Shields        | 1 2 3 |  3.2
Fighting       | 3 4 |  4.4

Action                   |  1- 3 |  4- 6 |  7- 9 || total
-------------------------+-------+-------+-------++-------
Melee: Flail             |   131 |   150 |       ||   281
       Punch             |     1 |       |       ||     1
       Headbutt          |    11 |    25 |     8 ||    44
       Mace              |       |     4 |    27 ||    31
       Unarmed           |       |       |    10 ||    10
Throw: Javelin           |       |       |     1 ||     1
Invok: Recall Undead Har |       |     1 |       ||     1
  Use: Scroll            |     4 |     9 |       ||    13
       Potion            |     3 |     5 |     1 ||     9
 Stab: Sleeping          |     1 |       |       ||     1
       Distracted        |       |       |     1 ||     1
Armor: Leather armour    |    50 |    42 |       ||    92
       Chain mail        |       |     7 |     4 ||    11
Dodge: Dodged            |    90 |    69 |    21 ||   180
Block: Buckler           |    12 |    30 |     3 ||    45

Table legend: (Time is in decaauts)
 A = Elapsed time spent in this place.
 B = Non-inter-level travel time spent in this place.
 C = Inter-level travel time spent in this place.
 D = Time resting spent in this place.
 E = Time spent auto-exploring this place.
 F = Levels seen in this place.
 G = Mean time per level.
                   A        B        C        D        E       F      G
               +--------+--------+--------+--------+--------+-----+--------+
         Total |   6260 |   5706 |    554 |   1634 |   3076 |   7 |  894.3 |
       Dungeon |   6198 |   5679 |    519 |   1634 |   3076 |   6 | 1033.0 |
        Temple |     62 |     27 |     35 |      0 |      0 |   1 |   62.0 |
               +--------+--------+--------+--------+--------+-----+--------+

Top non-repeatable levels by time:
     D:4: 1802 daAuts
     D:3: 1220 daAuts
     D:1: 1211 daAuts
     D:2: 1083 daAuts
     D:5: 867 daAuts
  Temple: 62 daAuts
     D:6: 13 daAuts
